 Dungeon Crawl Stone Soup version 0.22-a0-460-g49b1da7 (webtiles) character file.

477 LairdRich the Chopper (level 6, -1/56 HPs)
             Began as a Minotaur Berserker on June 9, 2018.
             Was a Believer of Trog.
             Killed from afar by an orc wizard (8 damage)
             ... with a magic dart
             ... on level 5 of the Dungeon on June 10, 2018.
             The game lasted 00:12:11 (4618 turns).

LairdRich the Chopper (Minotaur Berserker)          Turns: 4618, Time: 00:12:12

Health: -1/56      AC:  6    Str: 22    XL:     6   Next: 85%
Magic:  5/5        EV: 13    Int:  4    God:    Trog [**....]
Gold:   211        SH:  0    Dex: 11    Spells: 5/5 levels left

rFire    . . .     SeeInvis .   a - +0 hand axe
rCold    . . .     Gourm    .   (no shield)
rNeg     . . .     Faith    .   w - +0 ring mail
rPois    .         Spirit   .   (helmet restricted)
rElec    .         Reflect  .   (no cloak)
rCorr    .         Harm     .   (no gloves)
MR       .....                  (no boots)
Stlth    ..........             (no amulet)
HPRegen  0.18/turn              (no ring)
MPRegen  0.09/turn              (no ring)

@: confused, lethally poisoned (-1 -> -7)
A: retaliatory headbutt, horns 2
a: Berserk, Trog's Hand, Renounce Religion


You were on level 5 of the Dungeon.
You worshipped Trog.
Trog was pleased with you.
You were not hungry.

You visited 1 branch of the dungeon, and saw 5 of its levels.

You collected 211 gold pieces.

Inventory:

Hand Weapons
 a - a +0 hand axe (weapon)
 o - a +0 hunting sling
Missiles
 k - 36 poisoned needles
 p - 116 stones (quivered)
 s - 3 tomahawks
Armour
 w - a +0 ring mail (worn)
Jewellery
 h - an uncursed ring of stealth {unknown}
 q - an uncursed amulet of faith {unknown}
 y - an uncursed ring of protection from magic {unknown}
Wands
 r - a wand of digging (10)
Scrolls
 d - a scroll of fear {unknown}
 g - 2 scrolls of remove curse {unknown}
 j - a scroll of magic mapping {unknown}
 l - 3 scrolls of teleportation {unknown}
 m - a scroll of enchant armour {unknown}
 u - 2 scrolls of identify {unknown}
 v - a scroll of enchant weapon {unknown}
Potions
 b - a potion of berserk rage {unknown}
 e - a potion of curing {unknown}
 f - a potion of might {unknown}
 i - a potion of lignification {unknown}
 n - 2 potions of resistance {unknown}
 t - a potion of mutation {unknown}
 z - a potion of brilliance {unknown}
Comestibles
 c - 6 rations
 x - 5 chunks of flesh


   Skills:
 + Level 5.5 Fighting
 + Level 5.6 Axes
 + Level 4.9 Armour
 + Level 4.4 Dodging


You had 5 spell levels left.
You didn't know any spells.
Your spell library was empty.

Dungeon Overview and Level Annotations

Branches:
Dungeon (5/15)             Temple (0/1) D:5

Altars:


Innate Abilities, Weirdness & Mutations

You reflexively headbutt those who attack you in melee.
You have a pair of horns on your head.


Message History

You closely miss the scorpion.
The scorpion is moderately wounded.
You barely miss something.
You feel sick. The scorpion stings you.
An orc comes into view. It is wielding a club.
Something hits you but does no damage.
You feel sick.
The orc shouts!
The scorpion stings you. Something hits you but does no damage.
You're too confused!
You're too confused!
You completely miss something. You hit the scorpion.
You feel sick. The scorpion closely misses you. Something hits you.
* * * LOW HITPOINT WARNING * * *
You feel sick. The scorpion stings you!
* * * LOW HITPOINT WARNING * * *
You hear some strange, mumbled words.
A magic dart appears from out of thin air!
The magic dart hits you!
You die...

...>##.... #..#...# ...#
....##....##..##..# ...#
#...#......#..###'#....#
#...#......+......#....+.
....##....##..##..'..s≈o.
.. .##....##..##..#.≈≈§≈≈
##+ #........##.o#≈≈≈≈§≈
#........+.s.# ≈≈>≈§
#....##..##@.# ≈§≈§≈
#....##..##..+ ≈≈§≈≈
#............#..≈≈≈.
#............#....#
#######'######....#
#.............#
#.............# ######
+.............#
.....###+#...............


You could see a scorpion and an orc.

Vanquished Creatures
  An ogre (D:4)
  A howler monkey (D:5)
  A crimson imp (D:5)
  3 iguanas
  Ijyb (D:4)
  An orc wizard (D:4)
  A worker ant (D:4)
  A hound skeleton (D:5)
  Robin (D:2)
  5 adders
  2 oozes
  A worm (D:2)
  A dart slug (D:1)
  5 leopard geckos
  7 orcs
  A giant cockroach (D:4)
  11 goblins
  10 hobgoblins
  2 jackals (D:3)
  11 kobolds
  2 ball pythons
  A ball python zombie (D:5)
  10 bats
  4 frilled lizards
  A quokka skeleton (D:4)
  8 rats
93 creatures vanquished.

Notes
Turn   | Place    | Note
-------+----------+-------------------------------------------
     0 | D:1      | LairdRich the Minotaur Berserker began the quest for the Orb.
     0 | D:1      | Reached XP level 1. HP: 19/19 MP: 0/0
   153 | D:1      | Reached XP level 2. HP: 13/27 MP: 1/1
   971 | D:1      | Reached XP level 3. HP: 33/33 MP: 2/2
  1182 | D:2      | Reached ** piety under Trog
  1439 | D:2      | Noticed Robin
  1444 | D:2      | Reached XP level 4. HP: 39/40 MP: 3/3
  1455 | D:2      | Killed Robin
  3008 | D:3      | Reached XP level 5. HP: 47/47 MP: 4/4
  3154 | D:4      | Noticed an ogre
  3162 | D:4      | Killed an ogre
  3244 | D:4      | Reached skill level 5 in Fighting
  3244 | D:4      | Reached skill level 5 in Axes
  3318 | D:4      | Reached XP level 6. HP: 18/56 MP: 5/5
  3600 | D:4      | Noticed Ijyb
  3616 | D:4      | Killed Ijyb
  3858 | D:4      | Reached *** piety under Trog
  4370 | D:5      | Entered Level 5 of the Dungeon
  4596 | D:5      | Found a staircase to the Ecumenical Temple.
  4618 | D:5      | Killed from afar by an orc wizard

Vault maps used:
D:1:      dpeg_arrival_subterranean_lakeside_camping, minmay_pentomino_o4
D:2:      first_ration, solitary_fountain, uniq_robin
D:4:      minmay_misc_feat_square, uniq_ijyb
D:5:      minmay_temple_entry_mist, portal_sewer_entry_d,
          minmay_misc_feat_doors, solitary_fountain

Skill      XL: |  1  2  3  4  5  6 |
---------------+-------------------+-----
Fighting       | 4 5 |  5.5
Armour         | 3 4 |  4.9
Axes           | 4 5 |  5.6
Dodging        | 3 4 |  4.4

Action                   |  1- 3 |  4- 6 || total
-------------------------+-------+-------++-------
Melee: Hand axe          |    96 |   143 ||   239
       Headbutt          |     9 |    21 ||    30
Invok: Berserk           |       |     1 ||     1
  Eat: Chunk             |     2 |     9 ||    11
       Ration            |       |     1 ||     1
Armor: Animal skin       |     8 |       ||     8
       Ring mail         |    17 |    37 ||    54
Dodge: Dodged            |    71 |    73 ||   144

Table legend:
 A = Spawn XP
 B = Non-spawn XP
 C = Spawn XP percentage of total XP
 D = Spawn monster count
 E = Non-spawn monster count
 F = Spawn count percentage of total count
 G = Total turns spent on level
                    A         B        C        D         E        F      G
               +---------+---------+-------+---------+---------+-------+---------
         Total |       0 |     682 |   0.0 |       0 |      93 |   0.0 |  4618
               +---------+---------+-------+---------+---------+-------+---------
           D:1 |       0 |      45 |   0.0 |       0 |      27 |   0.0 |  1130
           D:2 |       0 |      78 |   0.0 |       0 |      28 |   0.0 |  1192
           D:3 |       0 |      76 |   0.0 |       0 |      20 |   0.0 |   792
           D:4 |       0 |     310 |   0.0 |       0 |      12 |   0.0 |  1256
           D:5 |       0 |     173 |   0.0 |       0 |       6 |   0.0 |   248
               +---------+---------+-------+---------+---------+-------+---------
